 Dungeon Crawl Stone Soup version 0.24.1-14-gf8d2b509d9 (webtiles) character file.

Game seed: 13284144422346197771, levelgen mode: deterministic

4664 H0rd4k the Covered (level 10, 0/79 HPs)
             Began as a Human Artificer on May 25, 2020.
             Was an Initiate of Gozag.
             Slain by a black mamba (6 damage)
             ... on level 1 of the Lair of Beasts on May 26, 2020.
             The game lasted 00:26:08 (11284 turns).

H0rd4k the Covered (Human Artificer)               Turns: 11284, Time: 00:26:09

Health: 0/79       AC: 27    Str: 16    XL:     10   Next: 71%
Magic:  13/13      EV:  2    Int: 15    God:    Gozag
Gold:   839        SH:  0    Dex: 13    Spells: 9/9 levels left

rFire    . . .     SeeInvis .   K - +4 falchion (slice)
rCold    . . .     Gourm    .   (no shield)
rNeg     . . .     Faith    +   e - +8 orange crystal plate armour {Archmagi, Int+3 Clar}
rPois    .         Spirit   .   (no helmet)
rElec    .         Reflect  .   (no cloak)
rCorr    .         Harm     .   (no gloves)
MR       .....     Clarity  +   (no boots)
Stlth    ..........             C - amulet of faith
HPRegen  0.23/turn              (no ring)
MPRegen  0.13/turn              (no ring)

@: lethally poisoned (0 -> -13), lightly drained
A: rugged brown scales 1, clarity
a: Potion Petition, Call Merchant, Bribe Branch, Renounce Religion


You were on level 1 of the Lair of Beasts.
You worshipped Gozag.
Gozag was pleased with you.
You were hungry.

You visited 3 branches of the dungeon, and saw 10 of its levels.

You collected 1244 gold pieces.
You spent 301 gold pieces at shops.
You paid 104 gold pieces to Gozag.

Inventory:

Hand Weapons
 c - a +2 dagger of venom
 j - a +1 rapier of holy wrath
 n - a +1 dagger of speed
 K - a +4 falchion of slicing (weapon)
Missiles
 q - 26 poisoned darts (quivered)
 w - 8 silver javelins
Armour
 e - the +8 orange crystal plate armour (worn) {Archmagi, Int+3 Clar}
   (You found it on level 4 of the Dungeon)

   It affects your intelligence (+3).
   It protects you against confusion.
 u - the +2 robe of the End {rPois rF++ MR- Str+2}
   (You found it on level 1 of the Lair of Beasts)

   It affects your strength (+2).
   It greatly protects you from fire.
   It protects you from poison.
   It affects your resistance to hostile enchantments.
 I - a +4 ring mail
Magical Staves
 y - an uncursed staff of summoning
Jewellery
 C - an amulet of faith (around neck)
 F - a cursed -3 ring of evasion {unknown}
Wands
 d - a wand of enslavement (1)
Scrolls
 a - 4 scrolls of teleportation
 b - a scroll of enchant weapon
 g - 2 scrolls of remove curse
 h - a scroll of magic mapping {unknown}
 m - a scroll of immolation {unknown}
 v - 2 scrolls of amnesia
 x - 2 scrolls of fear
 B - a scroll of fog
Potions
 i - 2 potions of mutation
 k - 6 potions of curing
 l - a potion of lignification {unknown}
 o - a potion of might
 p - a potion of flight
 r - 2 potions of agility
 s - a potion of haste
 t - a potion of berserk rage
 z - a potion of brilliance
 A - a potion of magic
 D - 2 potions of ambrosia
 E - a potion of cancellation {unknown}
 J - a potion of resistance
Comestibles
 f - 5 rations


   Skills:
 + Level 6.4(5.8) Fighting
 + Level 5.7(6.4) Short Blades
 + Level 6.3(6.7) Long Blades
 + Level 7.4(6.8) Armour
 + Level 4.9(4.3) Dodging
 + Level 3.8(3.2) Stealth
 + Level 5.2(4.6) Evocations


You had 9 spell levels left.
You didn't know any spells.
Your spell library contained the following spells:

 Spells                   Type           Power        Failure   Level  Hunger
 Animate Skeleton         Necr           N/A          100%        1    ##.....
 Apportation              Tloc           #.....       100%        1    ##.....
 Confusing Touch          Hex            #.....       100%        1    ##.....
 Summon Small Mammal      Summ           #...         100%        1    ##.....


Dungeon Overview and Level Annotations

Branches:
Dungeon (8/15)             Temple (1/1) D:4            Lair (1/6) D:8

Altars:
Ashenzari
Cheibriados
Dithmenos
Elyvilon
Fedhas
Gozag
Hepliaklqana
Kikubaaqudgha
Makhleb
Nemelex Xobeh
Okawaru
Qazlal
Ru
Sif Muna
Trog
Uskayaw
Vehumet
Wu Jian
Xom
Yredelemnul
Zin
The Shining One

Shops:
D:4 (   D:6 !   D:7 [

Annotations:
D:4 exclusion: upstairs
D:5 exclusions: 2 downstairs and upstairs
D:6 exclusion: 2 downstairs
D:7 exclusion: downstairs


Innate Abilities, Weirdness & Mutations

You are partially covered in rugged brown scales. (AC +1, +3% HP)
You possess an exceptional clarity of mind.


Message History

You miss the black mamba.
The black mamba is severely wounded.
You feel sick. The black mamba bites you. The black mamba bites you!
Your orange crystal plate armour prevents you from hitting the black mamba.
The black mamba is severely wounded.
You feel sick. The black mamba bites you!
* * * LOW HITPOINT WARNING * * *
You miss the black mamba.
The black mamba is severely wounded.
* * * LOW HITPOINT WARNING * * *
You feel sick.
The black mamba bites you but does no damage. x2
You slash the black mamba!
The black mamba is almost dead.
* * * LOW HITPOINT WARNING * * *
You feel sick. The black mamba bites you!
* * * LOW HITPOINT WARNING * * *
The black mamba bites you.
You die...
Your body crumbles into a pile of gold.

. #####.....#
.#.....#####
...##...'.....#
+.........[
........##....#
...........
...##....####.#
#..#...#..
#.......####+ .. #..
#...#.>.....## ### ...#
##+#.......(.##....
.#...
...###+#.#.##.......##.
. #...
............##.@S......
....
..............#......8.
.................#.....
...................8...
.................#.....
.P####.#+#....##.....8.
. ... ......#.......
.... .#.........##. $
......#....#.....


You could see a black mamba.

Vanquished Creatures
  Grinder (D:4)
  Prince Ribbit (D:6)
  A hippogriff (D:7)
  Sigmund (D:2)
  2 hungry ghosts
  5 centaurs
  2 porcupines (D:8)
  An ice beast (D:4)
  An orc warrior (D:6)
  A necrophage (D:7)
  A phantom (D:7)
  4 ogres
  2 big kobolds
  A gnoll sergeant (D:6)
  3 bullfrogs
  A water moccasin zombie (D:8)
  A scorpion (D:8)
  6 killer bees
  5 wights
  3 howler monkeys (D:7)
  2 crimson imps
  A bullfrog zombie (D:8)
  A centaur zombie (D:7)
  A jelly (D:7)
  2 hounds
  3 orc priests
  3 bullfrog skeletons
  10 orc wizards
  Ijyb (D:4)
  9 worker ants
  A killer bee zombie (D:7)
  A hound skeleton (D:5)
  3 gnolls (D:6)
  A howler monkey skeleton (D:8)
  7 adders
  3 river rats (D:8)
  A shadow imp (D:7)
  An adder skeleton (D:5)
  3 worms
  6 leopard geckos
  30 orcs
  8 bats
  7 giant cockroaches
  6 hobgoblins
  7 jackals
  9 quokkas
  7 frilled lizards
  13 goblins
  A jackal skeleton (D:6)
  14 kobolds
  A leopard gecko skeleton (D:4)
  A leopard gecko zombie (D:8)
  A quokka skeleton (D:7)
  2 quokka zombies
  7 rats
217 creatures vanquished.

Vanquished Creatures (collateral kills)
  A crimson imp (D:5)
  3 orc wizards (D:5)
  An adder (D:2)
  A dart slug (D:1)
  3 orcs
  2 giant cockroaches (D:3)
  2 jackals (D:2)
  A bat (D:3)
  A frilled lizard (D:3)
  A kobold (D:3)
16 creatures vanquished.

Vanquished Creatures (others)
  An ogre (D:5)
  A worker ant (D:5)
  An adder (D:2)
  A rat (D:1)
4 creatures vanquished.

Grand Total: 237 creatures vanquished

Notes
Turn   | Place    | Note
-------+----------+-------------------------------------------
     0 | D:1      | H0rd4k the Human Artificer began the quest for the Orb.
     0 | D:1      | Reached XP level 1. HP: 15/15 MP: 3/3
    97 | D:1      | Reached XP level 2. HP: 9/21 MP: 4/4
   145 | D:1      | HP: 1/21 [rat (3)]
  1415 | D:2      | Reached XP level 3. HP: 24/26 MP: 5/5
  1473 | D:2      | Found a faded altar of an unknown god.
  1606 | D:2      | Reached skill level 1 in Armour
  1766 | D:2      | Noticed Sigmund
  1781 | D:2      | Killed Sigmund
  1781 | D:2      | Reached skill level 2 in Armour
  1781 | D:2      | Reached XP level 4. HP: 7/33 MP: 6/6
  1781 | D:2      | Reached XP level 5. HP: 9/38 MP: 7/7
  1781 | D:2      | Reached XP level 6. HP: 10/44 MP: 8/8
  2499 | D:2      | Found a bloodstained altar of Trog.
  3137 | D:3      | Found a radiant altar of Vehumet.
  3148 | D:3      | Noticed an ice beast
  3237 | D:4      | Found a staircase to the Ecumenical Temple.
  3281 | D:4      | Found Nyukkirph's Weapon Boutique.
  3339 | D:4      | Noticed an ogre
  3546 | D:4      | Noticed Ijyb
  3626 | D:4      | Killed an ogre
  3626 | D:4      | Reached XP level 7. HP: 25/50 MP: 10/10
  3670 | D:5      | Entered Level 5 of the Dungeon
  3821 | D:5      | Gained mutation: You are partially covered in rugged brown
                  | scales. (AC +1, +3% HP) [potion of mutation]
  3821 | D:5      | Gained mutation: You possess an exceptional clarity of
                  | mind. [potion of mutation]
  3835 | D:5      | Reached skill level 3 in Armour
  4155 | D:5      | Killed a centaur
  4420 | D:4      | Reached XP level 8. HP: 21/58 MP: 11/11
  4575 | D:4      | Noticed Grinder
  5340 | D:4      | Paralysed by Grinder for 7 turns
  5351 | D:4      | Paralysed by Grinder for 5 turns
  5381 | D:4      | Paralysed by Grinder for 6 turns
  5384 | D:4      | Killed Grinder
  5384 | D:4      | Reached skill level 5 in Short Blades
  5658 | D:4      | Found the +8 orange crystal plate armour {Archmagi, Int+3
                  | Clar}
  5893 | D:4      | Killed Ijyb
  5977 | Temple   | Entered the Ecumenical Temple
  6061 | Temple   | Became a worshipper of Gozag Ym Sagoz the Greedy
  6430 | D:4      | Bought a +2 falchion of slicing for 231 gold pieces
  6521 | D:6      | Noticed Prince Ribbit
  6524 | D:6      | Reached skill level 4 in Armour
  6524 | D:6      | Reached XP level 9. HP: 64/66 MP: 12/12
  6533 | D:6      | HP: 2/66 [Prince Ribbit (16)]
  6587 | D:6      | Killed Prince Ribbit
  7524 | D:6      | Reached skill level 5 in Fighting
  7638 | D:6      | Found Nyfreuz's Distillery.
  7645 | D:6      | Bought a potion of berserk rage for 70 gold pieces
  7777 | D:7      | Found Rotux's Armour Shop.
  7841 | D:6      | Reached skill level 5 in Armour
  7855 | D:6      | Reached skill level 1 in Long Blades
  8836 | D:7      | Reached skill level 6 in Armour
  8884 | D:7      | HP: 3/70 [killer bee (5)]
  8897 | D:7      | Noticed a two-headed ogre
  9346 | D:7      | Reached XP level 10. HP: 37/76 MP: 13/13
  9486 | D:7      | Reached skill level 5 in Evocations
  9538 | D:7      | Found a stormy altar of Qazlal.
 10152 | D:7      | Found a glowing golden altar of the Shining One.
 10223 | D:7      | Reached skill level 5 in Long Blades
 10230 | D:7      | Reached skill level 7 in Armour
 10664 | D:8      | Noticed a death yak
 10664 | D:8      | Noticed a death yak
 10918 | D:8      | Found a staircase to the Lair.
 10970 | Lair:1   | Entered Level 1 of the Lair of Beasts
 11113 | Lair:1   | Got a wizard robe
 11124 | Lair:1   | Identified the +2 robe of the End {rPois rF++ MR- Str+2}
                  | (You found it on level 1 of the Lair of Beasts)
 11268 | Lair:1   | Noticed a black mamba
 11284 | Lair:1   | Slain by a black mamba

Levels and vault maps discovered:
D:1:      lightli_arrival_flooded_house, layout_loops_ring
D:2:      layout_loops_ring, chequers_ecumenical_altar_simple_redux,
          nrook_loot_triangle, trog_three_pillars_becter, uniq_sigmund
D:3:      layout_rooms, old_standard_altar
D:4:      kennysheep_the_goblin_king, layout_basic,
          minmay_temple_entry_butterflies, first_ration, serial_shops, shop,
          uniq_grinder
D:5:      layout_basic
D:6:      layout_rooms, serial_shops, nicolae_shop_competitors_out_of_business,
          grunt_ministairs_11, uniq_prince_ribbit1
D:7:      layout_basic, nicolae_tso_swordbearing_angel, serial_shops,
          shop_fountains, grunt_ogre_cave, nicolae_qazlal_style_of_elements
D:8:      layout_basic, dpeg_lair_monsters, uniq_joseph
Temple:   regret_index_temple_chain_breaker
Lair:1:   layout_regular_city, grunt_megastairs_4

Skill      XL: |  1  2  3  4  5  6  7  8  9 10 |
---------------+-------------------------------+-----
Armour         | 2 3 4 6 7 |  7.4
Short Blades   | 2 3 4 5 |  5.7
Fighting       | 2 4 5 6 |  6.4
Dodging        | 3 4 |  4.9
Evocations     | 4 5 |  5.2
Stealth        | 2 3 |  3.8
Long Blades    | 3 6 |  6.3

Action                   |  1- 3 |  4- 6 |  7- 9 | 10-12 || total
-------------------------+-------+-------+-------+-------++-------
Melee: Short sword       |    61 |       |       |       ||    61
       Dagger            |    62 |   215 |   250 |       ||   527
       Falchion          |       |       |   297 |   354 ||   651
Evoke: Wand              |    15 |    23 |     7 |       ||    45
  Use: Potion            |       |       |     9 |       ||     9
       Scroll            |       |       |    19 |       ||    19
 Stab: Sleeping          |     1 |     3 |     2 |       ||     6
       Distracted        |       |       |     1 |     1 ||     2
  Eat: Chunk             |     3 |     5 |     8 |       ||    16
       Ration            |       |       |     7 |     5 ||    12
Armor: Leather armour    |    24 |    44 |    25 |       ||    93
       Ring mail         |       |       |    38 |       ||    38
       Crystal plate arm |       |       |   414 |   343 ||   757
Dodge: Dodged            |    66 |   122 |   203 |    30 ||   421
       Rpst.: Falchion   |       |       |    14 |     5 ||    19
